Match 41527978
Unlisted

Match 41527978
End
250 Light Carrier
Selects Italian Infantry
Panzergrenadier Squad
Panzergrenadier Squad
Construct Light Support Kompanie
Selects Sound the Alarm
Sound the Alarm
Construct Mechanized Kompanie
Panzerjäger Mechanized Group
Combat Half-tracks
Veteran Squad Leaders
Sound the Alarm
Selects Guastatori Squad
Marder III Tank Destroyer
2.5-tonne Medical Truck
Selects Registered Artillery
Guastatori Squad
8 Rad Armored Car
The Red Pasha
MRhrissie
Turtleboy
Mace
0
0

Comments sign in to comment!

No comments posted yet!